 Dungeon Crawl Stone Soup version 0.25-a0-258-g6d7e32a812 (webtiles) character file.

Game seed: 13741983116677541027, levelgen mode: deterministic

32 Essalna the Slasher (level 3, 0/28 HPs)
             Began as a Demonspawn Gladiator on Dec 6, 2019.
             Slain by an adder (3 damage)
             ... on level 2 of the Dungeon.
             The game lasted 00:01:55 (1133 turns).

Essalna the Slasher (Demonspawn Gladiator)          Turns: 1133, Time: 00:01:55

Health: 0/28       AC:  6    Str: 15    XL:     3   Next: 8%
Magic:  0/3        EV: 11    Int:  9    God:
Gold:   39         SH:  0    Dex: 14    Spells: 2/2 levels left

rFire    . . .     SeeInvis .   a - +0 long sword
rCold    . . .     Gourm    .   (no shield)
rNeg     . . .     Faith    .   h - +0 ring mail
rPois    .         Spirit   +   c - +0 helmet
rElec    .         Reflect  .   (no cloak)
rCorr    .         Harm     .   (no gloves)
MR       .....                  (no boots)
Stlth    +.........             (no amulet)
HPRegen  0.09/turn              (no ring)
MPRegen  0.08/turn              (no ring)

@: lethally poisoned (0 -> -1)
A: claws 1, magic shield
a: no special abilities


You were on level 2 of the Dungeon.
You were not hungry.

You visited 1 branch of the dungeon, and saw 2 of its levels.

You collected 39 gold pieces.

Inventory:

Hand Weapons
 a - a +0 long sword (weapon)
Missiles
 d - a throwing net (quivered)
Armour
 b - a +0 leather armour
 c - a +0 helmet (worn)
 h - a +0 ring mail (worn)
Scrolls
 e - 3 scrolls of teleportation {unknown}
 j - a scroll of enchant armour {unknown}
 m - a scroll of identify {unknown}
 n - a scroll of remove curse {unknown}
 p - a scroll of blinking {unknown}
Potions
 g - 3 potions of agility {unknown}
 i - a potion of brilliance {unknown}
 k - a potion of curing {unknown}
 l - a potion of berserk rage {unknown}
 o - a potion of cancellation {unknown}
 q - a potion of might {unknown}
Comestibles
 f - 3 rations


   Skills:
 + Level 2.6 Fighting
 + Level 3.1 Long Blades
 - Level 1.7 Throwing
 + Level 1.2 Armour
 - Level 2.6 Dodging


You had 2 spell levels left.
You didn't know any spells.
Your spell library was empty.

Dungeon Overview and Level Annotations

Branches:
Dungeon (2/15)

Altars:
Xom


Innate Abilities, Weirdness & Mutations

You have sharp fingernails.
When hurt, damage is shared between your health and your magic reserves.


Message History

The adder barely misses you. The adder closely misses you.
The adder closely misses you. The adder bites you but does no damage.
The adder barely misses you. The adder bites you.
You are poisoned.
The adder poisons you!
You feel sick. The adder bites you but does no damage.
The adder closely misses you. The adder closely misses you.
The adder bites you but does no damage.
You feel sick. The adder bites you. x2
The adder bites you.
* * * LOW HITPOINT WARNING * * *
The adder closely misses you. The adder bites you.
* * * LOW HITPOINT WARNING * * *
You feel sick. The adder misses you.
You riposte.
You miss the adder. The adder bites you.
You die...

#............
#.)##.##...#
#..##.##...###
#..##......(.######
#..##..............
#............######
#..#####...###
.#.###..# #...#
.!....S@# #####
...###.(# # ....#
######


You could see an adder.

Vanquished Creatures
  An adder (D:2)
  An ooze (D:1)
  2 dart slugs (D:1)
  2 leopard geckos (D:1)
  A bat (D:1)
  4 hobgoblins
  A kobold (D:2)
  A rat (D:1)
13 creatures vanquished.

Notes
Turn   | Place    | Note
-------+----------+-------------------------------------------
     0 | D:1      | Essalna the Demonspawn Gladiator began the quest for the
                  | Orb.
     0 | D:1      | Reached XP level 1. HP: 16/16 MP: 1/1
   107 | D:1      | Found a shimmering altar of Xom.
   271 | D:1      | Gained mutation: When hurt, damage is shared between your
                  | health and your magic reserves. [demonic ancestry]
   271 | D:1      | Reached XP level 2. HP: 20/22 MP: 2/2
   725 | D:1      | Reached skill level 3 in Long Blades
   863 | D:1      | Reached skill level 1 in Armour
  1091 | D:2      | Gained mutation: You have sharp fingernails. [demonic
                  | ancestry]
  1091 | D:2      | Reached XP level 3. HP: 21/28 MP: 1/3
  1133 | D:2      | Slain by an adder

Levels and vault maps discovered:
D:1:      dpeg_arrival_arbitrary_a, layout_basic, xom_teletrap_fun
D:2:      layout_loops_ring, chequers_decorated_corner, grunt_ministairs_3

Skill      XL: |  1  2 |
---------------+-------+-----
Long Blades    | 3 |  3.1
Armour         | 1 |  1.2
Fighting       | |  2.6
Throwing       | |  1.7
Dodging        | |  2.6

Action                   || total
-------------------------++-------
Melee: Long sword        ||    43
Throw: Throwing net      ||     2
  Eat: Chunk             ||     1
Armor: Ring mail         ||    22
       Leather armour    ||     2
Dodge: Dodged            ||    73
       Rpst.: Long sword ||    15

Table legend:
 A = Non-vault XP
 B = Vault XP
 C = Vault XP percentage of total XP
 D = Non-vault monster count
 E = Vault monster count
 F = Vault count percentage of total count
                 A         B        C        D         E       F
            +---------+---------+-------+---------+---------+-------
      Total |      42 |       4 |   8.7 |      11 |       2 |  15.4
            +---------+---------+-------+---------+---------+-------
        D:1 |      26 |       2 |   7.1 |       8 |       1 |  11.1
        D:2 |      16 |       2 |  11.1 |       3 |       1 |  25.0
            +---------+---------+-------+---------+---------+-------
